 Dungeon Crawl Stone Soup version 0.20.0-15-g7f486f2 (webtiles) character file.

1611 grindst0ne the Archer (level 8, -6/71 HPs)
             Began as a Centaur Hunter on June 12, 2017.
             Was an Initiate of Trog.
             Mangled by a troll (14 damage)
             ... on level 7 of the Dungeon.
             The game lasted 00:18:51 (9127 turns).

grindst0ne the Archer (Centaur Hunter)              Turns: 9127, Time: 00:18:52

Health: -6/71      AC:  6    Str: 14    XL:     8   Next: 63%
Magic:  10/10      EV: 10    Int: 10    God:    Trog [......]
Gold:   451        SH:  0    Dex: 13    Spells: 7/7 levels left

rFire    . . .     SeeInvis .   b - +1 shortbow
rCold    . . .     Gourm    .   (shield currently unavailable)
rNeg     . . .     Faith    .   C - +1 robe {MR+}
rPois    .         Spirit   .   (no helmet)
rElec    .         Reflect  .   (no cloak)
rCorr    .         Harm     .   y - +0 pair of gloves
MR       +....                  (no barding)
Stlth    +.........             (no amulet)
Regen    0.3/turn               (no ring)
MPRegen  0.2/turn               (no ring)

@: very quick
A: hooves 3, deformed body, speed 2, tough skin 3
a: Burn Spellbooks, Renounce Religion


You were on level 7 of the Dungeon.
You worshipped Trog.
Trog was noncommittal.
You were not hungry.

You visited 2 branches of the dungeon, and saw 8 of its levels.

You collected 451 gold pieces.

Inventory:

Hand Weapons
 a - a +5 war axe
 b - a +1 shortbow (weapon)
 B - a +0 short sword
 K - a +2 halberd of flaming
Missiles
 d - 52 arrows (quivered)
 J - 2 throwing nets
Armour
 c - a +0 leather armour
 i - a +0 scale mail
 o - a +0 plate armour
 y - a +0 pair of gloves (worn)
 C - a +1 robe of magic resistance (worn)
 F - a +0 chain mail
Wands
 q - a wand of polymorph (14/24)
 D - a wand of paralysis (8/24)
 L - a wand of polymorph (9/24)
Scrolls
 e - a scroll of noise {unknown}
 j - 2 scrolls of fear {unknown}
 l - a scroll of remove curse
 n - 9 scrolls of teleportation {unknown}
 r - 5 scrolls of identify {unknown}
 s - a scroll of recharging {unknown}
 t - a scroll of random uselessness {unknown}
 u - 2 scrolls of amnesia {unknown}
 v - a scroll of fog {unknown}
 z - 3 scrolls of immolation {unknown}
 A - 2 scrolls of enchant weapon {unknown}
 E - a scroll of magic mapping {unknown}
 M - a scroll of silence {unknown}
Potions
 h - a potion of berserk rage
 p - a potion of agility
 w - 2 potions of brilliance {unknown}
 x - 3 potions of flight {unknown}
 G - a potion of lignification
 H - a potion of curing
 I - 2 potions of cancellation {unknown}
Comestibles
 f - 5 bread rations
 g - 13 fruits
 k - 3 meat rations
 m - 4 royal jellies


   Skills:
 - Level 6.8 Fighting
 - Level 10.1 Bows
 - Level 2.3 Throwing
 + Level 2.4 Armour
 - Level 1.3 Dodging
 - Level 0.4 Stealth
 + Level 3.2 Evocations


You had 7 spell levels left.
You didn't know any spells.

Dungeon Overview and Level Annotations

Branches:
Dungeon (7/15)             Temple (1/1) D:6

Altars:
Ashenzari
Cheibriados
Dithmenos
Elyvilon
Fedhas
Gozag
Hepliaklqana
Kikubaaqudgha
Nemelex Xobeh
Okawaru
Qazlal
Ru
Sif Muna
Trog
Uskayaw
Xom
Yredelemnul
Zin
The Shining One

Shops:
D:6 :


Innate Abilities, Weirdness & Mutations

You have hooves in place of feet.
Armour fits poorly on your strangely shaped body.
You cover ground very quickly.
You have extremely tough skin. (AC +3)


Message History

Firing (i - inventory. (,) - cycle):
d - 55 arrows (quivered)
Press: ? - help, Shift-Dir - straight line, f/p - troll
Aim: a troll (heavily wounded)
You shoot an arrow.
The arrow hits the troll but does no damage.
The troll is heavily wounded.
Firing (i - inventory. (,) - cycle):
d - 54 arrows (quivered)
Press: ? - help, Shift-Dir - straight line, f/p - troll
Aim: a troll (moderately wounded)
You shoot an arrow. The arrow hits the troll!
The troll is severely wounded.
Firing (i - inventory. (,) - cycle):
d - 53 arrows (quivered)
Press: ? - help, Shift-Dir - straight line, f/p - troll
Aim: a troll (severely wounded)
You shoot an arrow. The arrow hits the troll!
The troll is almost dead.
The troll bites you!
* * * LOW HITPOINT WARNING * * *
The troll claws you!
You die...

#)#######.# ...#.##(
#.).......#.####.##.
################.##.
#.........(......##.
#.#################.
#.# #..(..((.((.(.((
#.# #.##############
#.###.# #..@T.#
#####.# ###


You could see a troll.

Vanquished Creatures
  Sigmund (D:4)
  The ghost of Enish the Stinger, an amateur NaVM of Hepliaklqana (D:3)
  A sky beast (D:7)
  A phantom (D:6)
  3 ogres
  Blork the orc (D:5)
  4 wights (D:7)
  A centaur zombie (D:6)
  2 hounds (D:7)
  6 orc wizards
  An orc priest (D:5)
  An iguana (D:7)
  3 worker ants
  2 hound skeletons
  4 gnolls (D:4)
  2 howler monkey skeletons
  7 adders
  2 oozes
  An adder zombie (D:7)
  5 worms
  3 leopard geckos
  9 orcs
  7 giant cockroaches
  16 goblins
  8 hobgoblins
  2 jackals (D:4)
  9 kobolds
  3 quokkas
  A ball python (D:2)
  8 bats
  3 frilled lizards
  11 rats
129 creatures vanquished.

Notes
Turn   | Place    | Note
-------+----------+-------------------------------------------
     0 | D:1      | grindst0ne the Centaur Hunter began the quest for the Orb.
     0 | D:1      | Reached XP level 1. HP: 17/17 MP: 1/1
   198 | D:1      | Reached XP level 2. HP: 25/25 MP: 2/2
   645 | D:1      | Reached skill level 6 in Bows
   870 | D:1      | Reached XP level 3. HP: 30/30 MP: 3/3
  1352 | D:2      | Found a glowing silver altar of Zin.
  1404 | D:2      | Found a hide-covered altar of Uskayaw.
  1868 | D:2      | Reached XP level 4. HP: 21/38 MP: 4/4
  3058 | D:3      | Reached XP level 5. HP: 43/46 MP: 5/5
  3209 | D:3      | Noticed Enish's ghost (amateur NaVM)
  3284 | D:3      | Killed Enish's ghost
  3284 | D:3      | Reached skill level 7 in Bows
  3679 | D:3      | Reached XP level 6. HP: 49/53 MP: 6/6
  4104 | D:4      | Noticed Sigmund
  4155 | D:4      | Killed Sigmund
  4155 | D:4      | Reached skill level 5 in Fighting
  4155 | D:4      | Reached skill level 8 in Bows
  4559 | D:4      | Reached XP level 7. HP: 61/61 MP: 7/7
  4911 | D:4      | Found a deep blue altar of Sif Muna.
  4929 | D:4      | Reached skill level 9 in Bows
  5033 | D:5      | Entered Level 5 of the Dungeon
  5112 | D:5      | Noticed Blork the orc
  5127 | D:5      | Killed Blork the orc
  6467 | D:6      | Found a staircase to the Ecumenical Temple.
  6551 | Temple   | Entered the Ecumenical Temple
  6750 | Temple   | Became a worshipper of Trog the Wrathful
  6885 | D:6      | Found Uqaigicu's Book Shop.
  6957 | D:6      | Reached skill level 10 in Bows
  6957 | D:6      | Reached XP level 8. HP: 71/71 MP: 8/8
  7026 | D:6      | Found an iron altar of Okawaru.
  7296 | D:7      | Reached skill level 1 in Throwing
  7321 | D:7      | Reached skill level 1 in Evocations
  7327 | D:7      | Found an iron altar of Okawaru.
  7383 | D:7      | Reached skill level 1 in Armour
  8870 | D:7      | Noticed a troll
  9127 | D:7      | Mangled by a troll

Skill      XL: |  1  2  3  4  5  6  7  8 |
---------------+-------------------------+-----
Bows           | 6 7 8 10 | 10.1
Fighting       | 3 4 5 6 |  6.8
Throwing       | 2 |  2.3
Evocations     | 3 |  3.2
Armour         | 2 |  2.4
Dodging        | |  1.3
Stealth        | |  0.4

Action                   |  1- 3 |  4- 6 |  7- 9 || total
-------------------------+-------+-------+-------++-------
Melee: Short sword       |   130 |    39 |    14 ||   183
       Kick              |    32 |     5 |     8 ||    45
       Spear             |       |       |     8 ||     8
       War axe           |       |       |     7 ||     7
 Fire: Shortbow          |    61 |   159 |   281 ||   501
Invok: Burn Spellbooks   |       |       |     1 ||     1
  Use: Potion            |     1 |     8 |       ||     9
       Scroll            |       |     1 |     2 ||     3
  Eat: Chunk             |     2 |     6 |    11 ||    19
Armor: Scale mail        |    58 |    28 |     5 ||    91
       Leather armour    |     8 |       |       ||     8
       Skin              |       |    16 |       ||    16
       Robe              |       |       |    16 ||    16
Dodge: Dodged            |    61 |    24 |    32 ||   117
